 Dungeon Crawl Stone Soup version 0.21.0-3-g78d12a8 (webtiles) character file.

560 HungrySpirit the Chopper (level 7, -6/37 HPs)
             Began as a Vine Stalker Arcane Marksman on Jan 8, 2018.
             Killed by divine providence
             ... invoked by an orc priest
              (13 damage)
             ... on level 4 of the Dungeon.
             The game lasted 00:07:29 (2887 turns).

HungrySpirit the Chopper (VSAM)                     Turns: 2887, Time: 00:07:30

Health: -6/37      AC:  3    Str: 12    XL:     7   Next: 31%
Magic:  0/9        EV: 13    Int: 13    God:
Gold:   251        SH:  0    Dex: 17    Spells: 7/8 levels left

rFire    . . .     SeeInvis .   p - +2 hand axe (elec)
rCold    . . .     Gourm    .   (no shield)
rNeg     . . .     Faith    .   m - +0 leather armour
rPois    .         Spirit   +   (no helmet)
rElec    .         Reflect  .   (no cloak)
rCorr    .         Harm     .   (no gloves)
MR       .....                  (no boots)
Stlth    +.........             (no amulet)
HPRegen  0.52/turn              (no ring)
MPRegen  0.11/turn              (no ring)

@: no status effects
A: fangs 2, regeneration 1, magic shield, antimagic bite, no potion heal 3, rot
immunity
a: no special abilities


You were on level 4 of the Dungeon.
You were not hungry.

You visited 1 branch of the dungeon, and saw 4 of its levels.

You collected 251 gold pieces.

Inventory:

Hand Weapons
 a - a +0 shortbow
 n - a +0 long sword of holy wrath
 p - a +2 hand axe of electrocution (weapon)
Missiles
 d - 82 arrows
Armour
 m - a +0 leather armour (worn)
Jewellery
 q - an uncursed amulet of harm {unknown}
 v - an uncursed amulet of harm {unknown}
 x - a +6 ring of intelligence {unknown}
 z - an uncursed ring of protection from cold {unknown}
Scrolls
 b - 2 scrolls of teleportation {unknown}
 e - a scroll of enchant weapon
 g - 2 scrolls of remove curse
 j - 3 scrolls of noise {unknown}
 k - a scroll of enchant armour {unknown}
 s - 2 scrolls of blinking {unknown}
 u - 4 scrolls of identify {unknown}
 y - a scroll of amnesia {unknown}
Potions
 h - a potion of lignification {unknown}
 i - 2 potions of haste {unknown}
 l - a potion of degeneration {unknown}
 o - a potion of ambrosia {unknown}
 r - a potion of might {unknown}
 t - a potion of curing {unknown}
 w - a potion of flight {unknown}
 A - a potion of cancellation {unknown}
Books
 c - a book of Debilitation

   Spells                             Type                      Level
   a - Corona                         Hexes                        1
   b - Slow                           Hexes                        2
   c - Inner Flame                    Hexes/Fire                   3
   d - Portal Projectile              Hexes/Translocation          3
   e - Cause Fear                     Hexes                        4
   f - Leda's Liquefaction            Hexes/Earth                  4
Comestibles
 f - 6 rations


   Skills:
 + Level 3.8 Fighting
   Level 1.2 Short Blades
 * Level 3.9 Axes
 - Level 1.7 Bows
 + Level 3.5 Dodging
 - Level 1.1 Spellcasting
 - Level 3.0 Hexes


You had 7 spell levels left.
You knew the following spells:

 Your Spells              Type           Power        Failure   Level  Hunger
a - Corona                Hex            #......      11%         1    ##.....


Dungeon Overview and Level Annotations

Branches:
Dungeon (4/15)             Temple (0/1) D:4

Altars:

Annotations:
D:4 Blork the orc; no0bjke's ghost, amateur GrFi


Innate Abilities, Weirdness & Mutations

You have extremely sharp teeth.
Your natural rate of healing is unusually fast.
When hurt, damage is shared between your health and your magic reserves.
Your bite disrupts and absorbs the magic of your enemies.
Potions cannot restore your health.
You are immune to rotting.


Message History

You barely miss the orc priest.
The orc priest is severely wounded.
You closely miss the orc priest. You barely miss the giant cockroach.
You hit Blork the orc.
Lightning courses through Blork the orc!
The orc hits you from afar with a trident.
The giant cockroach barely misses you.
Blork the orc points at you and mumbles some strange words.
The puff of frost hits you!
* * * LOW HITPOINT WARNING * * *
The orc priest hits you with a whip.
* * * LOW HITPOINT WARNING * * *
The orc priest barely misses you. The giant cockroach bites you.
As you read the scroll labeled ILAOTE QOXKUFA, it crumbles to dust.
It is a scroll of enchant weapon.
Your +1 hand axe of electrocution glows red for a moment.
The orc barely misses you. Blork the orc barely misses you.
The orc priest invokes the aid of Beogh against you.
Beogh smites you!
You die...

..# #....... ..#
#.....#...+ #....... ..#
#../......# ..#......( ..#
#.....⌠...# ...# ..#
#.........##...# ..#
#..⌠.>.⌠....... '##
#.............. . .#######+
##...oso..........
.........
#....o@.o.......).
..........#.....#..........
..........+.....#...##...#
'#####....##...##...##...#
...###....##... #...'....#
............... #...#....#
................+...#....#
................#...##...#
................#...##...##


You could see Blork the orc, 2 orc priests, an orc and a giant cockroach.

Vanquished Creatures
  A phantom (D:4)
  2 ogres (D:4)
  A jelly (D:4)
  A centaur skeleton (D:4)
  An orc wizard (D:3)
  Terence (D:2)
  Robin (D:2)
  2 gnolls (D:2)
  6 adders
  3 oozes
  2 worms
  2 dart slugs
  2 leopard geckos (D:2)
  4 orcs
  10 bats
  3 giant cockroaches
  8 goblins
  15 hobgoblins
  6 jackals (D:3)
  2 quokkas (D:3)
  6 frilled lizards
  7 kobolds
  7 rats
93 creatures vanquished.

Notes
Turn   | Place    | Note
-------+----------+-------------------------------------------
     0 | D:1      | HungrySpirit the Vine Stalker Arcane Marksman began the quest for the Orb.
     0 | D:1      | Reached XP level 1. HP: 9/9 MP: 3/3
    31 | D:1      | Reached skill level 1 in Fighting
   117 | D:1      | Reached XP level 2. HP: 14/14 MP: 4/4
   413 | D:1      | Reached XP level 3. HP: 18/18 MP: 5/5
   777 | D:2      | Noticed Robin
   781 | D:2      | Killed Robin
   783 | D:2      | Reached skill level 1 in Short Blades
   790 | D:2      | Gained mutation: Your natural rate of healing is unusually fast. [Vine Stalker growth]
   790 | D:2      | Reached XP level 4. HP: 21/23 MP: 4/6
  1252 | D:2      | Reached skill level 1 in Axes
  1306 | D:2      | Noticed Terence
  1309 | D:2      | Killed Terence
  1309 | D:2      | Reached XP level 5. HP: 28/28 MP: 7/7
  2046 | D:3      | Reached XP level 6. HP: 32/32 MP: 8/8
  2145 | D:4      | Noticed a phantom
  2155 | D:4      | Killed a phantom
  2173 | D:4      | Noticed no0bjke's ghost (amateur GrFi)
  2400 | D:4      | Reached XP level 7. HP: 24/37 MP: 6/9
  2875 | D:4      | Found a staircase to the Ecumenical Temple.
  2878 | D:4      | Noticed Blork the orc
  2887 | D:4      | Killed from afar by an orc priest

Skill      XL: |  1  2  3  4  5  6 |
---------------+-------------------+-----
Fighting       | 1 2 3 |  3.8
Dodging        | 2 3 |  3.5
Short Blades   | 1 |  1.2
Axes           | 1 2 3 |  3.9
Bows           | |  1.7
Spellcasting   | |  1.1
Hexes          | |  3.0

Action                   |  1- 3 |  4- 6 |  7- 9 || total
-------------------------+-------+-------+-------++-------
Melee: Hand axe          |       |   117 |    18 ||   135
       Bite              |       |    32 |     6 ||    38
 Fire: Shortbow          |    92 |    23 |     4 ||   119
  Use: Scroll            |       |       |     2 ||     2
 Stab: Sleeping          |       |     4 |       ||     4
  Eat: Chunk             |       |     5 |     1 ||     6
Armor: Robe              |     2 |       |       ||     2
       Leather armour    |     7 |    30 |     3 ||    40
Dodge: Dodged            |    23 |   100 |    20 ||   143
